 Dungeon Crawl Stone Soup version 0.30-a0-883-g5ad918d77d (webtiles) character file.

Game seed: 8183458872365168870

10381 selver the Marksspriggan (level 11, -2/52 HPs)
             Began as a Spriggan Hunter on Mar 18, 2023.
             Was an Elder of Dithmenos.
             Slain by a skeletal warrior
             ... wielding a +0 halberd
              (33 damage)
             ... on level 11 of the Dungeon.
             The game lasted 00:31:07 (12159 turns).

selver the Marksspriggan (Spriggan Hunter)         Turns: 12159, Time: 00:31:07

Health: -2/52      AC: 12    Str:  7    XL:     11   Next: 35%
Magic:  12/12      EV: 18    Int: 15    God:    Dithmenos [****..]
Gold:   287        SH:  5    Dex: 23    Spells: 10/10 levels left

rFire   . . .      SeeInvis +    a - +0 shortbow
rCold   . . .      Faith    .    (shield currently unavailable)
rNeg    . . .      Spirit   .    k - +2 steam dragon scales
rPois   .          Reflect  +    n - +1 hat
rElec   .          Rampage  .    v - scarf {harm}
rCorr   .          Harm     + .  (gloves unavailable)
Will    +....                    (boots unavailable)
Stlth   +++                      L - amulet of Luzupe {Reflect rF- Int+4 SH+5}
HPRegen 0.28/turn                h - ring of protection from fire
MPRegen 0.13/turn                r - +4 ring of protection

@: wreathed by umbra, very quick
A: very small, no large weapons, unfitting armour, see invisible, speed 3
a: Renounce Religion, Shadow Step


You were on level 11 of the Dungeon.
You worshipped Dithmenos.
Dithmenos was greatly pleased with you.
You visited 2 branches of the dungeon, and saw 12 of its levels.
You also visited: Sewer.

You collected 602 gold pieces.
You spent 315 gold pieces at shops.

Inventory:

Hand Weapons
 a - a +0 shortbow (weapon)
Missiles
 A - a throwing net
Armour
 c - a +0 robe
 k - +2 steam dragon scales (worn)
 n - a +1 hat (worn)
 v - a scarf of harm (worn)
Jewellery
 h - a ring of protection from fire (left hand)
 q - an amulet of magic regeneration
 r - a +4 ring of protection (right hand)
 y - a ring of magical power
 L - the amulet of Luzupe (around neck) {Reflect rF- Int+4 SH+5}
   (You found it on level 9 of the Dungeon)

   [amulet of reflection]

   It reflects blocked missile attacks.
   Int:       It affects your intelligence (+4).
   rF:        It makes you vulnerable to fire.
   SH:        It affects your SH (+5).
Wands
 F - a wand of flame (19)
 H - a wand of charming (18)
 J - a wand of polymorph (7)
 K - a wand of light (7)
Scrolls
 b - 2 scrolls of immolation
 d - 3 scrolls of teleportation
 e - 3 scrolls of fear
 j - 3 scrolls of vulnerability
 p - 2 scrolls of enchant weapon
 s - 2 scrolls of poison
 t - a scroll of blinking
 w - 2 scrolls of identify
Potions
 f - 3 potions of brilliance
 g - a potion of mutation
 i - a potion of might {unknown}
 l - 5 potions of haste
 m - a potion of cancellation {unknown}
 o - a potion of lignification {unknown}
 u - 3 potions of curing
 x - 3 potions of attraction
 z - a potion of berserk rage
 B - 2 potions of degeneration {unknown}
 C - a potion of heal wounds
 D - a potion of ambrosia {unknown}
 E - a potion of resistance
 G - a potion of flight {unknown}
 I - 2 potions of invisibility


   Skills:
 + Level 3.2 Fighting
 - Level 17.6 Ranged Weapons
 - Level 2.6 Dodging
 - Level 1.5 Stealth


You had 10 spell levels left.
You didn't know any spells.
Your spell library contained the following spells:

 Spells                   Type           Power      Damage    Failure   Level
 Apportation              Tloc           0%         N/A       26%         1
 Necrotise                Necr           0%         1d4       26%         1
 Summon Small Mammal      Summ           0%         N/A       26%         1
 Cigotuvi's Dreadful Rot  Necr/Pois/Air  0%         N/A       38%         2
 Ignite Poison            Fire/Tmut/Pois 0%         N/A       63%         3
 Kindle Blastsparks       Fire/Tloc/Air  0%         2d10      63%         3
 Dispel Undead            Necr           0%         3d6       95%         4
 Freezing Cloud           Conj/Ice/Air   0%         6-21      100%        5
 Death Channel            Necr           0%         N/A       100%        6


Dungeon Overview and Level Annotations

Branches:
Dungeon (11/15)            Temple (1/1) D:4            Lair (0/5) D:11
  Sewer (visited)
    Orc: D:9-12

Altars:
Ashenzari
Cheibriados
Dithmenos
Elyvilon
Fedhas
Gozag
Hepliaklqana
Kikubaaqudgha
Makhleb
Nemelex Xobeh
Okawaru
Qazlal
Ru
Sif Muna
Trog
Uskayaw
Vehumet
Wu Jian
Xom
Yredelemnul
Zin
The Shining One

Shops:
D:4 ?   D:6 (   D:8 *


Innate Abilities, Weirdness & Mutations

You are very small and have problems with some larger weapons.
You are too small for most types of armour.
You have supernaturally acute eyesight. (SInv)
You cover ground extremely quickly. (Speed+++)


Message History

Things that are here:
a +0 broad axe; a +0 chain mail
There is an open door, spattered with blood here.
You see here a yak corpse.
A nearby plant withers and dies.
Found a stone staircase leading up.
x - 3 potions of attraction (gained 1)
Found a staircase to the Lair.
You open the door.
There is an open door here. 3 skeletal warriors come into view.
Found a stone staircase leading down.
You shoot an arrow.
The arrow hits the skeletal warrior but does no damage.
You shoot an arrow.
The arrow hits the skeletal warrior but does no damage.
You shoot an arrow. The arrow hits the skeletal warrior!
The skeletal warrior is moderately damaged.
You shoot an arrow.
The arrow hits the skeletal warrior but does no damage.
The skeletal warrior is moderately damaged.
You shoot an arrow.
The arrow hits the skeletal warrior but does no damage.
The skeletal warrior is moderately damaged.
You shoot an arrow.
The arrow hits the skeletal warrior but does no damage.
The skeletal warrior is moderately damaged.
Your shadow shoots an arrow.
The arrow hits the skeletal warrior.
You shoot an arrow.
The arrow hits the skeletal warrior but does no damage.
The skeletal warrior is moderately damaged.
You shoot an arrow.
The arrow barely misses the skeletal warrior.
The arrow completely misses the skeletal warrior.
The skeletal warrior hits you from afar with a +0 halberd!!
You shoot an arrow. The arrow hits the skeletal warrior!
The skeletal warrior is heavily damaged.
The skeletal warrior hits you from afar with a +0 halberd!!
Ouch! That really hurt!
You die...

##.......###
#...P.P.P..##
.....P.P..P.#
..P.P...PP..##
.P.P.....P...# #########
....##'#.....###.......#
....#..#.......#.......+
...P#>.#P....#.'.......#
....####..P..###@......#
.P....P.P....# #.......#
...P...P.P..## #..zz...#
...P....P...# #.......#
#..........## #.......#
###......### #####..##
###.### ##.# +# ...#
....#


You could see 2 skeletal warriors.

Vanquished Creatures
  2 two-headed ogres (D:9)
  A hornet (D:8)
  Sigmund (D:6)
  3 shadows
  A spriggan (D:9)
  A wraith (D:11)
  19 yaks
  2 steam dragons
  Edmund (D:4)
  An acid dragon (D:7)
  2 water moccasins
  3 black bears
  5 orc warriors
  2 sky beasts
  8 centaurs
  4 phantoms
  2 kobold brigands
  4 bullfrogs
  2 gnoll sergeants
  9 wights
  17 killer bees
  6 howler monkeys
  2 hounds
  A gnoll bouda (D:7)
  9 orc priests
  A jelly (D:7)
  A sleepcap (D:6)
  2 iguanas (D:6)
  2 orc wizards
  21 gnolls
  6 adders
  2 shadow imps
  2 ufetubi
  3 worms
  A dart slug (D:1)
  29 orcs
  13 bats
  6 endoplasms
  A giant cockroach (D:6)
  5 goblins
  5 hobgoblins
  3 jackals (D:4)
  3 quokkas
  3 training dummies (D:6)
  7 ball pythons
  4 frilled lizards
  12 kobolds
  6 rats
246 creatures vanquished.

Vanquished Creatures (others)
  A human (D:5)
  10 fungi (D:11)
  8 plants (D:11)
19 creatures vanquished.

Grand Total: 265 creatures vanquished

Notes
Turn   | Place    | Note
-------+----------+-------------------------------------------
     0 | D:1      | selver the Spriggan Hunter began the quest for the Orb.
     0 | D:1      | Reached XP level 1. HP: 10/10 MP: 2/2
   135 | D:1      | Reached XP level 2. HP: 14/14 MP: 3/3
   943 | D:2      | Reached skill level 5 in Ranged Weapons
  1094 | D:2      | Reached XP level 3. HP: 18/18 MP: 4/4
  1180 | D:2      | Found a hazy altar of Hepliaklqana.
  2572 | D:4      | Found Wycig's Magic Scroll Shoppe.
  2577 | D:4      | Bought a scroll of enchant weapon for 82 gold pieces
  2577 | D:4      | Bought 2 scrolls of identify for 44 gold pieces
  2657 | D:4      | Found a broken altar of Ashenzari.
  2662 | D:4      | Reached XP level 4. HP: 22/22 MP: 5/5
  2824 | D:4      | Noticed Edmund
  2882 | D:4      | Killed Edmund
  2883 | D:4      | Reached skill level 6 in Ranged Weapons
  2883 | D:4      | Reached XP level 5. HP: 20/25 MP: 6/6
  2908 | D:4      | Reached skill level 7 in Ranged Weapons
  2969 | D:4      | Found a staircase to the Ecumenical Temple.
  2971 | D:4      | Reached XP level 6. HP: 30/30 MP: 7/7
  2979 | Temple   | Entered the Ecumenical Temple
  3026 | Temple   | Became a worshipper of Dithmenos the Shadowed
  3178 | D:4      | Bought a scroll of teleportation for 33 gold pieces
  3431 | D:5      | Entered Level 5 of the Dungeon
  3490 | D:4      | Reached skill level 8 in Ranged Weapons
  3644 | D:5      | Reached XP level 7. HP: 19/33 MP: 8/8
  3719 | D:5      | Found an ancient bone altar of Kikubaaqudgha.
  3719 | D:5      | Noticed a human
  3725 | D:5      | Killed a human
  4052 | D:5      | Reached skill level 9 in Ranged Weapons
  4664 | D:5      | Reached skill level 10 in Ranged Weapons
  4792 | D:6      | Noticed a steam dragon
  4813 | D:5      | Killed a steam dragon
  4814 | D:5      | Reached XP level 8. HP: 25/37 MP: 9/9
  4922 | D:6      | Reached * piety under Dithmenos
  4956 | D:6      | Found Seat's Firing Range.
  4968 | D:6      | Found a glowing drain.
  4972 | Sewer    | Entered a sewer
  5396 | D:6      | Found an iron altar of Okawaru.
  5426 | D:6      | Found a radiant altar of Vehumet.
  5542 | D:6      | Found a sacrificial altar of Ru.
  5545 | D:6      | Reached skill level 11 in Ranged Weapons
  5684 | D:6      | Noticed Sigmund
  5868 | D:6      | Killed Sigmund
  5979 | D:6      | Found an ornate altar of the Wu Jian Council.
  5986 | D:6      | Found an opulent altar of Gozag.
  6059 | D:7      | Reached ** piety under Dithmenos
  6104 | D:7      | Reached skill level 12 in Ranged Weapons
  6541 | D:7      | Reached XP level 9. HP: 41/41 MP: 10/10
  6655 | D:7      | Found a shimmering altar of Xom.
  6664 | D:7      | Found a shimmering altar of Xom.
  6665 | D:7      | Found a shimmering altar of Xom.
  6665 | D:7      | Found a shimmering altar of Xom.
  6669 | D:7      | Found a shimmering altar of Xom.
  6669 | D:7      | Found a shimmering altar of Xom.
  6718 | D:7      | a spriggan changed into a wind drake
  6718 | D:7      | Noticed a wind drake (shapeshifter)
  6737 | D:7      | Reached skill level 13 in Ranged Weapons
  6749 | D:7      | Noticed a mana viper
  6984 | D:7      | Noticed an orb spider
  6990 | D:7      | an orb spider changed into a two-headed ogre
  6990 | D:7      | Noticed a two-headed ogre (shapeshifter)
  7176 | D:7      | Noticed a broodmother
  7180 | D:7      | a tarantella changed into a moth of wrath
  7180 | D:7      | Noticed a moth of wrath (shapeshifter)
  7226 | D:7      | Noticed a mana viper
  7234 | D:7      | Noticed a great orb of eyes
  7241 | D:7      | a mana viper changed into a death drake
  7241 | D:7      | Noticed a death drake (shapeshifter)
  7253 | D:7      | a great orb of eyes changed into a radroach
  7253 | D:7      | Noticed a radroach (shapeshifter)
  7263 | D:7      | a death drake changed into a redback
  7268 | D:7      | a redback changed into a merfolk
  7268 | D:7      | Noticed a merfolk (shapeshifter)
  7411 | D:7      | Noticed an eye of devastation
  7413 | D:7      | Noticed a spark wasp
  7418 | D:7      | an eye of devastation changed into a skyshark
  7418 | D:7      | Noticed a skyshark (shapeshifter)
  7758 | D:8      | Reached skill level 14 in Ranged Weapons
  8141 | D:8      | Found Qaenohots's General Store.
  8150 | D:8      | Bought a scroll of teleportation for 36 gold pieces
  8150 | D:8      | Bought a potion of haste for 120 gold pieces
  8159 | D:8      | Reached XP level 10. HP: 46/46 MP: 11/11
  8189 | D:8      | Found a hazy altar of Hepliaklqana.
  8234 | D:8      | Found a stormy altar of Qazlal.
  8339 | D:8      | Reached *** piety under Dithmenos
  8572 | D:8      | Found a hide-covered altar of Uskayaw.
  8693 | D:9      | Reached skill level 15 in Ranged Weapons
  9163 | D:9      | Identified the amulet of Luzupe {Reflect rF- Int+4 SH+5}
  9331 | D:9      | Noticed a two-headed ogre
  9380 | D:9      | Killed a two-headed ogre
  9751 | D:9      | Reached skill level 16 in Ranged Weapons
 10283 | D:9      | Noticed a two-headed ogre
 10311 | D:9      | Killed a two-headed ogre
 10867 | D:10     | Entered Level 10 of the Dungeon
 10897 | D:10     | Reached skill level 17 in Ranged Weapons
 10901 | D:10     | Reached XP level 11. HP: 42/49 MP: 12/12
 11185 | D:10     | Reached **** piety under Dithmenos
 12127 | D:11     | Found a staircase to the Lair.
 12145 | D:11     | Noticed a skeletal warrior
 12145 | D:11     | Noticed a skeletal warrior
 12145 | D:11     | Noticed a skeletal warrior
 12159 | D:11     | Slain by a skeletal warrior

Illustrated notes

Levels and vault maps discovered:
D:1:      onia_arrival_pyramid, layout_loops_ring, minmay_misc_feat_roman,
          grunt_decor_junction
D:2:      layout_loops_corners, basic_altar
D:3:      layout_loops_ring, nrook_loot_triangle
D:4:      layout_basic, mainiacjoe_overflow_catwalk, minmay_temple_entry_waves,
          serial_shops, shop_statue, uniq_edmund
D:5:      layout_loops_corners, tgw_kikubaaqudgha
D:6:      layout_basic, hangedman_ru_absence, nicolae_overflow_quartered_altars,
          gup_sewer_entry_bowl, hex_medium, nicolae_shop_firing_range,
          uniq_sigmund
D:7:      layout_gridville, xom_shifter_show
D:8:      minmay_angry_zag, layout_cave_pools, nicolae_qazlal_style_of_elements,
          nicolae_uskayaw_suspiria, old_standard_altar, serial_shops,
          kennysheep_mini_moat
D:9:      layout_irregular_city, the_hattery
D:10:     layout_gridville, eino_jars
D:11:     layout_roguey, grunt_lair_entry_orc_guard_hut, david_orc_2,
          serial_shops, shop, uniq_nergalle
Temple:   hellmonk_temple_of_storms

Skill      XL: |  1  2  3  4  5  6  7  8  9 10 11 |
---------------+----------------------------------+-----
Ranged Weapons | 5 6 7 8 10 12 14 17 | 17.6
Fighting       | 3 |  3.2
Dodging        | |  2.6
Stealth        | |  1.5

Action                     |  1- 3 |  4- 6 |  7- 9 | 10-12 || total
---------------------------+-------+-------+-------+-------++-------
   Fire: Shortbow          |   118 |    98 |   529 |   545 ||  1290
    Use: Scroll            |     4 |       |     3 |    17 ||    24
         Potion            |       |     1 |     6 |     6 ||    13
 Armour: Robe              |     6 |     6 |     4 |       ||    16
         Steam dragon scal |       |       |    10 |    13 ||    23
  Dodge: Dodged            |    27 |    36 |   124 |   169 ||   356
  Block: Other             |       |       |       |    17 ||    17
         Reflection        |       |       |       |     1 ||     1

Table legend: (Time is in decaauts)
 A = Elapsed time spent in this place.
 B = Non-inter-level travel time spent in this place.
 C = Inter-level travel time spent in this place.
 D = Time resting spent in this place.
 E = Time spent auto-exploring this place.
 F = Levels seen in this place.
 G = Mean time per level.
                   A        B        C        D        E       F      G
               +--------+--------+--------+--------+--------+-----+--------+
         Total |   8831 |   8580 |    251 |   2440 |   3989 |  13 |  679.3 |
       Dungeon |   8740 |   8501 |    239 |   2440 |   3966 |  11 |  794.5 |
        Temple |     35 |     24 |     11 |      0 |     14 |   1 |   35.0 |
         Sewer |     55 |     55 |      0 |      0 |      9 |   1 |   55.0 |
               +--------+--------+--------+--------+--------+-----+--------+

Top non-repeatable levels by time:
     D:9: 1833 daAuts
     D:7: 1422 daAuts
     D:5: 960 daAuts
     D:6: 755 daAuts
     D:4: 733 daAuts
    D:10: 633 daAuts
     D:3: 562 daAuts
     D:8: 559 daAuts
     D:2: 539 daAuts
     D:1: 529 daAuts
    D:11: 212 daAuts
   Sewer: 55 daAuts
  Temple: 35 daAuts
